 Dungeon Crawl Stone Soup version 0.24-a0-22-g2a401c0 (webtiles) character file.

Game seed: 16725070862859949619

492 Lanoc the Chopper (level 7, -1/54 HPs)
             Began as a Formicid Gladiator on Feb 1, 2019.
             Was an Elder of Uskayaw.
             Killed by nerve-wracking pain
             ... invoked by an orc priest
              (6 damage)
             ... on level 4 of the Dungeon.
             The game lasted 00:06:47 (2983 turns).

Lanoc the Chopper (Formicid Gladiator)              Turns: 2983, Time: 00:06:47

Health: -1/54      AC:  3    Str: 21    XL:     7   Next: 37%
Magic:  7/8        EV: 13    Int:  7    God:    Uskayaw [****..]
Gold:   156        SH:  0    Dex: 12    Spells: 6/6 levels left

rFire    . . .     SeeInvis +   a - +0 war axe
rCold    . . .     Gourm    .   (no shield)
rNeg     . . .     Faith    .   b - +0 leather armour
rPois    .         Spirit   .   (helmet unavailable)
rElec    .         Reflect  .   (no cloak)
rCorr    .         Harm     .   (no gloves)
MR       .....                  (no boots)
Stlth    +.........             (no amulet)
HPRegen  0.18/turn              (no ring)
MPRegen  0.11/turn              (no ring)

@: lethally poisoned (-1 -> -2)
A: permanent stasis, dig shafts and tunnels, four strong arms, antennae 3
a: Dig, Shaft Self, Stomp, Line Pass, Renounce Religion


You were on level 4 of the Dungeon.
You worshipped Uskayaw.
Uskayaw was noncommittal.
You were not hungry.

You visited 1 branch of the dungeon, and saw 4 of its levels.

You collected 156 gold pieces.

Inventory:

Hand Weapons
 a - a +0 war axe (weapon)
Missiles
 c - 3 throwing nets (quivered)
 i - 62 sling bullets
 l - 20 bolts
Armour
 b - a +0 leather armour (worn)
Scrolls
 e - 3 scrolls of identify {unknown}
 k - a scroll of enchant weapon {unknown}
 m - a scroll of teleportation {unknown}
 o - a scroll of enchant armour {unknown}
 p - 3 scrolls of remove curse {unknown}
Potions
 f - a potion of flight {unknown}
 g - a potion of invisibility {unknown}
 h - a potion of haste {unknown}
 r - a potion of ambrosia {unknown}
Comestibles
 d - 7 rations
 j - 5 chunks of flesh


   Skills:
 + Level 4.1 Fighting
 * Level 5.4 Axes
 - Level 2.0 Throwing
 + Level 3.0 Armour
 + Level 3.9 Dodging
 + Level 1.3 Invocations


You had 6 spell levels left.
You didn't know any spells.
Your spell library was empty.

Dungeon Overview and Level Annotations

Branches:
Dungeon (4/15)
 Temple: D:4-7

Altars:
Uskayaw
Vehumet
Yredelemnul


Innate Abilities, Weirdness & Mutations

You cannot be hasted, slowed, berserked, paralysed or teleported.
You can dig through walls and to a lower floor.
Your four strong arms can wield two-handed weapons with a shield.
You have a pair of large antennae on your head. (SInv)


Message History

The orc priest hits you with a +0 whip. The orc priest barely misses you.
You completely miss the orc priest.
The orc priest hits you but does no damage.
You slash the orc priest!
The orc priest is almost dead.
The orc priest hits you with a +0 whip.
* * * LOW HITPOINT WARNING * * *
Uskayaw will force your foes to share their pain.
You barely miss the orc priest.
The orc priest is almost dead.
The orc priest hits you but does no damage.
You closely miss the orc priest.
The orc priest is almost dead.
You feel sick.
The orc priest mumbles some strange prayers to Beogh against you.
Pain shoots through your body!
* * * LOW HITPOINT WARNING * * *
The orc priest calls down the wrath of Beogh upon you.
Pain shoots through your body!
You die...

#..#.######.........##..
#..#........##..........
#.###..######........#..
##(###.#######...>....#..
#.........................
##...##†#.##...........###
#......#.##.#.........#
#......†?...# #.......#
#.?.####@####{##.......
..[.#.(o)...# ##...##. #..
#.......# ###. . ..
#........) #....(..###
#.......# #.......#
#.......#


You could see an orc priest.

Vanquished Creatures
  An ogre (D:4)
  A centaur (D:4)
  A scorpion (D:4)
  An orc priest (D:3)
  An iguana (D:4)
  2 worker ants (D:4)
  8 adders
  An adder skeleton (D:4)
  3 worms
  A dart slug (D:1)
  4 leopard geckos
  9 orcs
  3 giant cockroaches
  10 hobgoblins
  6 jackals
  2 quokkas
  5 bats
  4 frilled lizards
  10 goblins
  4 kobolds
  10 rats
87 creatures vanquished.

Notes
Turn   | Place    | Note
-------+----------+-------------------------------------------
     0 | D:1      | Lanoc the Formicid Gladiator began the quest for the Orb.
     0 | D:1      | Reached XP level 1. HP: 16/16 MP: 1/1
    87 | D:1      | Reached XP level 2. HP: 17/23 MP: 2/2
   205 | D:1      | Reached XP level 3. HP: 17/28 MP: 3/3
   240 | D:1      | Reached skill level 1 in Armour
   531 | D:2      | Found a radiant altar of Vehumet.
   816 | D:2      | Reached XP level 4. HP: 32/34 MP: 4/4
   958 | D:2      | Found a basalt altar of Yredelemnul.
  1278 | D:2      | Reached skill level 4 in Axes
  1558 | D:2      | Found a hide-covered altar of Uskayaw.
  1566 | D:2      | Became a worshipper of Uskayaw the Reveler
  1694 | D:3      | Reached * piety under Uskayaw
  1789 | D:3      | Reached ** piety under Uskayaw
  1792 | D:3      | Reached XP level 5. HP: 29/41 MP: 5/5
  1792 | D:3      | Reached *** piety under Uskayaw
  1797 | D:3      | Reached **** piety under Uskayaw
  2070 | D:3      | Found a faded altar of an unknown god.
  2414 | D:4      | Noticed an ogre
  2466 | D:4      | Reached XP level 6. HP: 28/47 MP: 6/6
  2470 | D:4      | Killed an ogre
  2470 | D:4      | Reached skill level 5 in Axes
  2757 | D:4      | Reached XP level 7. HP: 35/53 MP: 7/7
  2953 | D:4      | Reached skill level 1 in Invocations
  2983 | D:4      | Killed from afar by an orc priest

Vault maps used:
D:1:      lightli_iron_boxes
D:2:      lemuel_coloured_pillars_altar, overflow_temple_1_default,
          overflow_temple_1_default, first_ration, chequers_serial_rivers_room_b
D:3:      chequers_ecumenical_altar_grove
D:4:      uniq_sigmund

Skill      XL: |  1  2  3  4  5  6  7 |
---------------+----------------------+-----
Armour         | 1 2 3 |  3.0
Dodging        | 3 |  3.9
Axes           | 4 5 |  5.4
Fighting       | 3 4 |  4.1
Invocations    | 1 |  1.3
Throwing       | |  2.0

Action                   |  1- 3 |  4- 6 |  7- 9 || total
-------------------------+-------+-------+-------++-------
Melee: War axe           |    76 |   139 |    21 ||   236
  Use: Potion            |       |     4 |       ||     4
 Stab: Sleeping          |     1 |     1 |       ||     2
       Paralysed         |       |     2 |     3 ||     5
  Eat: Chunk             |       |     6 |     1 ||     7
Armor: Leather armour    |    19 |    35 |     5 ||    59
Dodge: Dodged            |    56 |   111 |    13 ||   180

Table legend:
 A = Non-vault XP
 B = Vault XP
 C = Vault XP percentage of total XP
 D = Non-vault monster count
 E = Vault monster count
 F = Vault count percentage of total count
                 A         B        C        D         E       F
            +---------+---------+-------+---------+---------+-------
      Total |     704 |       0 |   0.0 |      87 |       0 |   0.0
            +---------+---------+-------+---------+---------+-------
        D:1 |      37 |       0 |   0.0 |      23 |       0 |   0.0
        D:2 |      84 |       0 |   0.0 |      19 |       0 |   0.0
        D:3 |      99 |       0 |   0.0 |      26 |       0 |   0.0
        D:4 |     484 |       0 |   0.0 |      19 |       0 |   0.0
            +---------+---------+-------+---------+---------+-------
